 Dungeon Crawl Stone Soup version 0.23-a0-641-g0a7f1ce553 (webtiles) character file.

58 HereIgoKillingAgain the Charmwright (level 4, 0/38 HPs)
             Began as a Gnoll Skald on Dec 30, 2018.
             Succumbed to an adder's poison
             ... on level 2 of the Dungeon.
             The game lasted 00:01:22 (532 turns).

HereIgoKillingAgain the Charmwright (Gnoll Skald)    Turns: 532, Time: 00:01:23

Health: 0/38       AC:  3    Str: 14    XL:     4   Next: 1%
Magic:  11/11      EV: 14    Int: 16    God:
Gold:   39         SH:  0    Dex: 14    Spells: 8/13 levels left

rFire    . . .     SeeInvis .   a - +0 hand axe
rCold    . . .     Gourm    .   (no shield)
rNeg     . . .     Faith    .   b - +0 leather armour
rPois    .         Spirit   .   (no helmet)
rElec    .         Reflect  .   (no cloak)
rCorr    .         Harm     .   (no gloves)
MR       .....                  (no boots)
Stlth    +.........             (no amulet)
HPRegen  0.12/turn              (no ring)
MPRegen  0.12/turn              (no ring)

@: lethally poisoned (0 -> -4), about to teleport
A: distributed training, fangs 1, strong nose
a: no special abilities


You were on level 2 of the Dungeon.
You were not hungry.

You visited 1 branch of the dungeon, and saw 2 of its levels.

You collected 39 gold pieces.

Inventory:

Hand Weapons
 a - a +0 hand axe (weapon)
Armour
 b - a +0 leather armour (worn)
Scrolls
 c - a scroll of teleportation
 e - 3 scrolls of identify {unknown}
 f - a scroll of random uselessness {unknown}
 h - a scroll of magic mapping {unknown}
 i - a scroll of fear {unknown}
Comestibles
 d - 4 rations


   Skills:
 + Level 4.6 Fighting
 + Level 1.0 Short Blades
 + Level 1.0 Long Blades
 + Level 4.6 Axes
 + Level 1.0 Maces & Flails
 + Level 1.0 Polearms
 + Level 1.0 Staves
 + Level 1.0 Slings
 + Level 1.0 Bows
 + Level 1.0 Crossbows
 + Level 1.0 Throwing
 + Level 2.6 Armour
 + Level 4.6 Dodging
 + Level 1.0 Stealth
 + Level 1.0 Shields
 + Level 1.0 Unarmed Combat
 + Level 5.0 Spellcasting
 + Level 0.7 Conjurations
 + Level 0.7 Hexes
 + Level 5.4 Charms
 + Level 0.7 Summonings
 + Level 0.7 Necromancy
 + Level 0.7 Translocations
 + Level 0.7 Transmutations
 + Level 0.7 Fire Magic
 + Level 0.7 Ice Magic
 + Level 0.7 Air Magic
 + Level 0.7 Earth Magic
 + Level 0.7 Poison Magic
 + Level 1.0 Invocations
 + Level 1.0 Evocations


You had 8 spell levels left.
You knew the following spells:

 Your Spells              Type           Power        Failure   Level  Hunger
a - Song of Slaying       Chrm           ###.....     3%          2    #......
b - Infusion              Chrm           ###.         1%          1    None
c - Shroud of Golubria    Chrm/Tloc      ##........   8%          2    #......

Your spell library contained the following spells:

 Spells                   Type           Power        Failure   Level  Hunger
 Regeneration             Chrm/Necr      ##........   16%         3    ###....
 Spectral Weapon          Hex/Chrm       ##......     16%         3    ###....


Dungeon Overview and Level Annotations

Branches:
Dungeon (2/15)

Altars:


Innate Abilities, Weirdness & Mutations

Your experience applies equally to all skills.
You have very sharp teeth.
Your uncanny sense of smell can sniff out nearby items.


Message History

You feel clever.
You hit the bat.
You kill the bat!
The bat barely misses you. The adder bites you.
* * * LOW HITPOINT WARNING * * *
The bat hits you.
* * * LOW HITPOINT WARNING * * *
The bat closely misses you. The adder barely misses you.
You barely miss the bat. Your bite misses the bat. You miss the adder.
The bat hits you but does no damage. The bat barely misses you.
The bat hits you but does no damage. The adder bites you but does no damage.
The bat barely misses you. The adder bites you.
* * * LOW HITPOINT WARNING * * *
You are lethally poisoned!
The adder poisons you!
You aren't carrying any potions.
You aren't carrying any potions.
As you read the scroll labeled BESHACOARPH, it crumbles to dust.
You feel strangely unstable.
It was a scroll of teleportation.
You die...

..... b.... .#
..... .# .....
.## ..... ..
#### ##.# ####
#
#######..#.....
#
.....b.........
# #@# #####.
#######S#
......
......lS# #
#######S# #.#
#K# #.# #.# #.#


You could see 3 adders, a leopard gecko, a bat and a kobold.

Vanquished Creatures
  Robin (D:2)
  An ooze (D:1)
  A dart slug (D:2)
  A leopard gecko (D:1)
  3 giant cockroaches
  9 goblins (D:2)
  4 hobgoblins
  4 jackals (D:2)
  A kobold (D:2)
  7 bats
  2 rats
34 creatures vanquished.

Notes
Turn   | Place    | Note
-------+----------+-------------------------------------------
     0 | D:1      | HereIgoKillingAgain the Gnoll Skald began the quest for the
                  | Orb.
     0 | D:1      | Reached XP level 1. HP: 20/20 MP: 6/6
   135 | D:1      | Reached XP level 2. HP: 26/26 MP: 7/7
   399 | D:2      | Learned a level 2 spell: Song of Slaying
   402 | D:2      | Learned a level 2 spell: Shroud of Golubria
   417 | D:2      | Noticed Robin
   417 | D:2      | Noticed a phantom
   418 | D:2      | Reached XP level 3. HP: 20/31 MP: 3/9
   419 | D:2      | Reached skill level 5 in Spellcasting
   430 | D:2      | Reached skill level 1 in Invocations
   438 | D:2      | Killed Robin
   438 | D:2      | Reached skill level 1 in Short Blades
   438 | D:2      | Reached skill level 1 in Long Blades
   438 | D:2      | Reached skill level 1 in Maces & Flails
   438 | D:2      | Reached skill level 1 in Polearms
   438 | D:2      | Reached skill level 1 in Staves
   438 | D:2      | Reached skill level 1 in Slings
   438 | D:2      | Reached skill level 1 in Bows
   438 | D:2      | Reached skill level 1 in Crossbows
   438 | D:2      | Reached skill level 1 in Throwing
   438 | D:2      | Reached skill level 1 in Stealth
   438 | D:2      | Reached skill level 1 in Shields
   438 | D:2      | Reached skill level 1 in Unarmed Combat
   438 | D:2      | Reached skill level 1 in Evocations
   526 | D:2      | Reached XP level 4. HP: 7/38 MP: 11/11
   531 | D:2      | HP: 1/38 [adder (2)]
   532 | D:2      | Succumbed to an adder's poison

Vault maps used:
D:1:      minmay_arrival_four_loops, minmay_misc_feat_x
D:2:      first_ration, uniq_robin

Skill      XL: |  1  2  3 |
---------------+----------+-----
Spellcasting   | 5 |  5.0
Invocations    | 1 |  1.0
Short Blades   | 1 |  1.0
Long Blades    | 1 |  1.0
Maces & Flails | 1 |  1.0
Polearms       | 1 |  1.0
Staves         | 1 |  1.0
Slings         | 1 |  1.0
Bows           | 1 |  1.0
Crossbows      | 1 |  1.0
Throwing       | 1 |  1.0
Stealth        | 1 |  1.0
Shields        | 1 |  1.0
Unarmed Combat | 1 |  1.0
Evocations     | 1 |  1.0
Fighting       | |  4.6
Axes           | |  4.6
Armour         | |  2.6
Dodging        | |  4.6
Conjurations   | |  0.7
Hexes          | |  0.7
Charms         | |  5.4
Summonings     | |  0.7
Necromancy     | |  0.7
Translocations | |  0.7
Transmutations | |  0.7
Fire Magic     | |  0.7
Ice Magic      | |  0.7
Air Magic      | |  0.7
Earth Magic    | |  0.7
Poison Magic   | |  0.7

Action                   |  1- 3 |  4- 6 || total
-------------------------+-------+-------++-------
Melee: Hand axe          |    82 |     1 ||    83
       Bite              |     1 |       ||     1
 Cast: Song of Slaying   |     1 |       ||     1
  Use: Potion            |     1 |       ||     1
       Scroll            |       |     1 ||     1
Armor: Leather armour    |    36 |     3 ||    39
Dodge: Dodged            |   140 |     5 ||   145

Table legend:
 A = Non-vault XP
 B = Vault XP
 C = Vault XP percentage of total XP
 D = Non-vault monster count
 E = Vault monster count
 F = Vault count percentage of total count
                 A         B        C        D         E       F
            +---------+---------+-------+---------+---------+-------
      Total |      45 |      38 |  45.8 |      22 |      12 |  35.3
            +---------+---------+-------+---------+---------+-------
        D:1 |      24 |       0 |   0.0 |      11 |       0 |   0.0
        D:2 |      21 |      38 |  64.4 |      11 |      12 |  52.2
            +---------+---------+-------+---------+---------+-------
